River Rats vs National

Created - 7 janvier 2015 at 19:50

Goals
1 2 3 T
River Rats 1 2 1 4
National 0 2 3 5
Shots
1 2 3 T
River Rats 13 9 10 32
National 16 6 11 33

1st period

1. River Rats , Steve Quailer 10 (Andrej Meszaros, Justin Schultz) at 6:14

Penalties :
Pat Dwyer (Que) for Hooking (Minor) at 12:26

2nd period

2. National , Guillaume Desbiens 23 (Rico Fata, Mikael Backlund) at 1:09
3. National , Jonathan Matsumoto 9 (Pasi Salonen, Jonathan Cheechoo) at 3:06
4. River Rats , Steve Quailer 11 (Justin Schultz) at 6:49
5. River Rats , Brett Maclean 20 (Petr Sykora, Tyler Bozak) at 17:50 (PP)

Penalties :
Matt Jones (Alb) for Roughing (Minor) at 3:48, Pasi Salonen (Que) for Hooking (Minor) at 11:55, Magnus Paajarvi-Svensson (Que) for Slashing (Minor) at 17:44

3rd period

6. National , Guillaume Desbiens 24 (Denis Bodrov) at 1:44 (SH)
7. River Rats , Brett Maclean 21 (Tyler Bozak, Justin Schultz) at 7:15 (SH)
8. National , Erik Gustafsson 1 (Mikael Backlund, Guillaume Desbiens) at 19:39
9. National , Johannes Salmonsson 10 (Denis Bodrov, David Desharnais) at 19:45

Penalties :
Dustin Kohn (Que) for Roughing (Minor) at 1:00, Philip Larsen (Que) for Hooking (Minor) at 3:17, Pierre-Cédric Labrie (Alb) for Holding (Minor) at 6:03, Matt Jones (Alb) for Close Hand On Puck (Minor) at 15:57

Goalie Stats

Allen York (Alb), 28 saves from 33 shots - (0,848), L, 4-7-0, 60:00 minutes
Keith Kinkaid (Que), 28 saves from 32 shots - (0,875), W, 15-9-3, 59:24 minutes

Players Stats for River Rats

Player Name              G  A  P  +/- PIM S  H  SB GA TA FO     MP     PP MP  PK MP  
------------------------------------------------------------------------------------
Andrej Meszaros          0  1  1   0  0   2  0  1  1  0  0/0    27:21   3:17   3:36 
Brett Maclean            2  0  2   0  0   3  2  0  1  0  0/0    19:22   3:48   2:00 
Brian Dumoulin           0  0  0  -1  0   0  0  0  0  0  0/0     7:30   0:00   0:30 
Bryan Rodney             0  0  0   0  0   0  1  0  0  2  0/0    16:31   0:05   3:15 
Chris Mcallister         0  0  0  -3  0   2  2  1  1  0  4/5    20:33   3:34   3:20 
Damien Brunner           0  0  0  -2  0   2  4  0  1  1  0/0    15:49   3:29   0:00 
J.T. Brown               0  0  0   0  0   0  0  0  0  0  0/0     8:03   0:23   0:00 
Jamie Arniel             0  0  0   0  0   1  0  0  1  1  1/4     9:39   0:00   1:25 
Justin Schultz           0  3  3  -1  0   1  2  2  1  1  0/0    23:15   4:45   2:42 
Kellan Lain              0  0  0   1  0   0  0  1  0  1  2/7    12:22   0:37   0:28 
Matt Jones               0  0  0  -1  4   3  3  1  1  0  0/0    18:33   3:12   0:56 
Michael Del Zotto        0  0  0  -1  0   2  1  1  0  0  0/0    15:02   4:45   0:00 
Pavel Valentenko         0  0  0   0  0   1  0  2  0  0  0/0    12:20   0:00   0:55 
Peter Mueller            0  0  0  -2  0   0  3  0  0  0  0/8    16:05   3:34   0:00 
Petr Sykora              0  1  1  -2  0   5  2  0  0  0  3/4    21:16   3:51   3:26 
Pierre-Cédric Labrie     0  0  0   1  2   2  1  0  0  0  0/0    12:43   0:59   0:12 
Steve Quailer            2  0  2   1  0   6  2  1  0  0  1/1    11:08   0:00   0:00 
Tomas Kubalik            0  0  0   0  0   0  0  0  0  0  0/0     7:40   0:00   0:00 
Tyler Bozak              0  2  2  -1  0   2  0  1  0  0  12/25  18:48   3:51   1:03 

Players Stats for National

Player Name              G  A  P  +/- PIM S  H  SB GA TA FO     MP     PP MP  PK MP  
------------------------------------------------------------------------------------
Chris Mueller            0  0  0  -2  0   0  1  0  0  0  1/2     9:09   0:14   0:00 
David Desharnais         0  1  1   1  0   1  1  1  0  0  4/8    10:56   0:00   0:42 
Denis Bodrov             0  2  2   3  0   2  2  4  0  2  0/0    20:10   2:11   3:29 
Dustin Kohn              0  0  0   2  2   1  4  0  1  1  0/0    19:42   2:11   2:49 
Erik Gustafsson          1  0  1   1  0   2  1  2  0  1  0/0    26:01   3:46   4:34 
Guillaume Desbiens       2  1  3   3  0   7  1  2  0  0  0/0    19:58   3:11   1:57 
Igor Makarov             0  0  0  -2  0   1  0  0  0  0  1/1     8:21   0:00   0:00 
Janne Niskala            0  0  0   0  0   3  1  3  2  0  0/0    26:47   3:46   5:12 
Johannes Salmonsson      1  0  1   1  0   1  2  0  0  0  0/0    11:20   0:20   0:40 
Jonathan Cheechoo        0  1  1   1  0   2  2  0  0  0  0/0    16:38   2:29   1:57 
Jonathan Matsumoto       1  0  1   0  0   4  4  0  0  0  7/8    14:39   2:29   0:11 
Magnus Paajarvi-Svensson 0  0  0  -2  2   2  1  0  0  0  0/0    10:36   0:00   1:25 
Mikael Backlund          0  2  2   2  0   3  5  0  1  1  18/35  22:13   3:25   4:30 
Pasi Salonen             0  1  1   0  2   1  1  0  2  2  0/0    17:54   2:29   3:27 
Pat Dwyer                0  0  0   1  2   1  1  0  0  0  0/0    12:16   0:03   1:15 
Philip Larsen            0  0  0  -1  2   1  0  0  0  0  0/0    13:50   0:00   0:00 
Rico Fata                0  1  1   2  0   1  1  1  0  0  0/0    17:28   3:11   0:00 
Ty Wishart               0  0  0  -1  0   0  0  0  0  0  0/0    13:55   0:00   0:00 

3 Stars

1 - Guillaume Desbiens (Que)
2 - Steve Quailer (Alb)
3 - Brett Maclean (Alb)

Power Play

River Rats - 1 on 5 Attempt(s) - 20,00%
National - 0 on 3 Attempt(s) - 0,00%

Penalty Kill

River Rats - 3 on 3 Attempt(s) - 100,00% - Score 1 goal in Penalty Kill
National - 4 on 5 Attempt(s) - 80,00% - Score 1 goal in Penalty Kill

Official

Referees : Watson Brad and Walkom Stephen
Linesman : Scott Driscoll and Don Henderson

Game Notes

Ty Wishart is injured at 18:34 of 3rd period (Bruised Right Shoulder)

Finance

Level 1 -- Attendance: 1412 (70,60%) -- Ticket Income 35 300 $
Level 2 -- Attendance: 661 (66,10%) -- Ticket Income 9 915 $
Total Attendance: 2073 (69,10%)
Total Ticket Income: 45 215 $
Other Income: 2 261 $
Total Income: 47 476 $

River Rats

5 vs 5 Forward 
   Center                   Left Wing                Right Wing               Time % Phy DF OF 
 1 Tyler Bozak              Brett Maclean            Petr Sykora              40     1   2  2  
 2 Peter Mueller            Chris Mcallister         Damien Brunner           30     1   2  2  
 3 Kellan Lain              Pierre-Cédric Labrie     Steve Quailer            20     1   2  2  
 4 Jamie Arniel             Tomas Kubalik            J.T. Brown               10     1   2  2  

5 vs 5 Defense 
   Defense                  Defense                                           Time % Phy DF OF 
 1 Justin Schultz           Andrej Meszaros                                   40     1   2  2  
 2 Bryan Rodney             Matt Jones                                        30     1   2  2  
 3 Michael Del Zotto        Pavel Valentenko                                  20     1   2  2  
 4 Brian Dumoulin           Andrej Meszaros                                   10     1   2  2  

PowerPlay Forward 
   Center                   Left Wing                Right Wing               Time % Phy DF OF 
 1 Tyler Bozak              Brett Maclean            Petr Sykora              60     1   2  2  
 2 Peter Mueller            Chris Mcallister         Damien Brunner           40     1   2  2  

PowerPlay Defense
   Defense                  Defense                                           Time % Phy DF OF 
 1 Justin Schultz           Michael Del Zotto                                 60     1   2  2  
 2 Andrej Meszaros          Matt Jones                                        40     1   2  2  

Penalty Kill 4 Players Forward 
   Center                   Wing                     Time % Phy DF OF 
 1 Chris Mcallister         Petr Sykora              60     1   2  2  
 2 Tyler Bozak              Brett Maclean            40     1   2  2  

Penalty Kill 4 Players Defense
   Defense                  Defense                  Time % Phy DF OF 
 1 Bryan Rodney             Andrej Meszaros          60     1   2  2  
 2 Justin Schultz           Matt Jones               40     1   2  2  

Penalty Kill - 3 Players Forward 
   Forward                                           Time % Phy DF OF 
 1 Chris Mcallister                                  60     1   2  2  
 2 Petr Sykora                                       40     1   2  2  

Penalty Kill - 3 Players Defense
   Defense                  Defense                  Time % Phy DF OF 
 1 Bryan Rodney             Andrej Meszaros          60     1   2  2  
 2 Justin Schultz           Matt Jones               40     1   2  2  

4 vs 4 Forward 
   Center                   Wing                     Time % Phy DF OF 
 1 Chris Mcallister         Petr Sykora              60     1   2  2  
 2 Tyler Bozak              Brett Maclean            40     1   2  2  

4 vs 4 Defense
   Defense                  Defense                  Time % Phy DF OF 
 1 Michael Del Zotto        Andrej Meszaros          60     1   2  2  
 2 Justin Schultz           Matt Jones               40     1   2  2  

Last Minutes Offensive
   Center                   Left Wing                Right Wing               Defense                  Defense                  
   Tyler Bozak              Chris Mcallister         Petr Sykora              Justin Schultz           Andrej Meszaros          

Last Minutes Defensive
   Center                   Left Wing                Right Wing               Defense                  Defense                  
   Tyler Bozak              Chris Mcallister         Petr Sykora              Justin Schultz           Andrej Meszaros          

Goaltenders
Starting : Allen York               
Backup : Braden Holtby            

Extra Forwards
Normal : Pierre-Cédric Labrie, Kellan Lain, Jamie Arniel - PP : Pierre-Cédric Labrie, Kellan Lain - PK : Jamie Arniel
Extra Defensemen
Normal : Michael Del Zotto, Pavel Valentenko, Justin Schultz - PP : Michael Del Zotto - PK : Pavel Valentenko, Justin Schultz
Penalty Shots
Chris Mcallister, Petr Sykora, Tyler Bozak, Brett Maclean, Damien Brunner

National

5 vs 5 Forward 
   Center                   Left Wing                Right Wing               Time % Phy DF OF 
 1 Mikael Backlund          Rico Fata                Guillaume Desbiens       40     0   2  3  
 2 Jonathan Matsumoto       Pasi Salonen             Jonathan Cheechoo        30     0   2  3  
 3 David Desharnais         Johannes Salmonsson      Pat Dwyer                20     1   2  2  
 4 Chris Mueller            Magnus Paajarvi-Svensson Igor Makarov             10     1   2  2  

5 vs 5 Defense 
   Defense                  Defense                                           Time % Phy DF OF 
 1 Janne Niskala            Erik Gustafsson                                   40     1   2  2  
 2 Dustin Kohn              Denis Bodrov                                      30     1   2  2  
 3 Philip Larsen            Ty Wishart                                        20     1   2  2  
 4 Janne Niskala            Erik Gustafsson                                   10     1   2  2  

PowerPlay Forward 
   Center                   Left Wing                Right Wing               Time % Phy DF OF 
 1 Mikael Backlund          Rico Fata                Guillaume Desbiens       60     0   1  4  
 2 Jonathan Matsumoto       Pasi Salonen             Jonathan Cheechoo        40     0   1  4  

PowerPlay Defense
   Defense                  Defense                                           Time % Phy DF OF 
 1 Janne Niskala            Erik Gustafsson                                   60     0   2  3  
 2 Dustin Kohn              Denis Bodrov                                      40     0   2  3  

Penalty Kill 4 Players Forward 
   Center                   Wing                     Time % Phy DF OF 
 1 Mikael Backlund          Pasi Salonen             60     1   2  2  
 2 Guillaume Desbiens       Jonathan Cheechoo        40     1   2  2  

Penalty Kill 4 Players Defense
   Defense                  Defense                  Time % Phy DF OF 
 1 Janne Niskala            Erik Gustafsson          60     1   2  2  
 2 Dustin Kohn              Denis Bodrov             40     1   2  2  

Penalty Kill - 3 Players Forward 
   Forward                                           Time % Phy DF OF 
 1 Mikael Backlund                                   60     1   2  2  
 2 Pasi Salonen                                      40     1   2  2  

Penalty Kill - 3 Players Defense
   Defense                  Defense                  Time % Phy DF OF 
 1 Janne Niskala            Erik Gustafsson          60     1   2  2  
 2 Dustin Kohn              Denis Bodrov             40     1   2  2  

4 vs 4 Forward 
   Center                   Wing                     Time % Phy DF OF 
 1 Mikael Backlund          Pasi Salonen             60     0   2  3  
 2 Jonathan Matsumoto       Jonathan Cheechoo        40     0   2  3  

4 vs 4 Defense
   Defense                  Defense                  Time % Phy DF OF 
 1 Janne Niskala            Erik Gustafsson          60     1   2  2  
 2 Dustin Kohn              Denis Bodrov             40     1   2  2  

Last Minutes Offensive
   Center                   Left Wing                Right Wing               Defense                  Defense                  
   Mikael Backlund          Rico Fata                Guillaume Desbiens       Janne Niskala            Erik Gustafsson          

Last Minutes Defensive
   Center                   Left Wing                Right Wing               Defense                  Defense                  
   Mikael Backlund          Rico Fata                Guillaume Desbiens       Janne Niskala            Erik Gustafsson          

Goaltenders
Starting : Keith Kinkaid            
Backup : Tyler Plante             

Extra Forwards
Normal : Johannes Salmonsson, Chris Mueller, Pat Dwyer - PP : Johannes Salmonsson, Chris Mueller - PK : Pat Dwyer
Extra Defensemen
Normal : Philip Larsen, Erik Gustafsson, Dustin Kohn - PP : Philip Larsen - PK : Erik Gustafsson, Dustin Kohn
Penalty Shots
Rico Fata, Pasi Salonen, Guillaume Desbiens, Jonathan Cheechoo, Mikael Backlund

% Time on Ice - River Rats

Lines # - Real PCT - Wanted PCT - Time Play
Normal Forward
1 - 30% - 40% - 13:42
2 - 28% - 30% - 12:31
3 - 25% - 20% - 11:08
4 - 17% - 10% - 7:40
Normal Defense
1 - 31% - 40% - 13:45
2 - 31% - 30% - 14:08
3 - 25% - 20% - 11:25
4 - 13% - 10% - 5:43
PP Forward
1 - 56% - 60% - 4:28
2 - 44% - 40% - 3:34
PP Defense
1 - 60% - 60% - 4:50
2 - 40% - 40% - 3:12
PK Forward
1 - 82% - 60% - 4:54
2 - 18% - 40% - 1:03
PK Defense
1 - 55% - 60% - 3:15
2 - 45% - 40% - 2:42
PK3 Forward
1 - 0% - 60%
2 - 0% - 40%
PK3 Defense
1 - 0% - 60%
2 - 0% - 40%
44 Forward
1 - 0% - 60%
2 - 0% - 40%
44 Defense
1 - 0% - 60%
2 - 0% - 40%
Last Minute Offensive  - 0:14
Last Minute Defensive  - 0:46
Total
Forward - 60:00
Defense - 60:00

% Time on Ice - National

Lines # - Real PCT - Wanted PCT - Time Play
Normal Forward
1 - 30% - 40% - 13:33
2 - 29% - 30% - 13:05
3 - 22% - 20% - 10:03
4 - 19% - 10% - 8:21
Normal Defense
1 - 37% - 40% - 16:33
2 - 32% - 30% - 14:25
3 - 29% - 20% - 13:07
4 - 2% - 10% - 0:57
PP Forward
1 - 58% - 60% - 3:28
2 - 42% - 40% - 2:29
PP Defense
1 - 63% - 60% - 3:46
2 - 37% - 40% - 2:11
PK Forward
1 - 76% - 60% - 6:05
2 - 24% - 40% - 1:57
PK Defense
1 - 57% - 60% - 4:33
2 - 43% - 40% - 3:29
PK3 Forward
1 - 0% - 60%
2 - 0% - 40%
PK3 Defense
1 - 0% - 60%
2 - 0% - 40%
44 Forward
1 - 0% - 60%
2 - 0% - 40%
44 Defense
1 - 0% - 60%
2 - 0% - 40%
Last Minute Offensive  - 0:45
Last Minute Defensive  - 0:14
Total
Forward - 60:00
Defense - 60:00

Play by Play

1st period


0:01 of 1st period - Mikael Backlund wins face-off versus Tyler Bozak in neutral zone.
0:10 of 1st period - Justin Schultz is hit by Mikael Backlund and loses puck.
0:25 of 1st period - Andrej Meszaros is hit by Jonathan Cheechoo and loses puck.
1:11 of 1st period - Snap shot by Matt Jones.
1:11 of 1st period - Stopped by Keith Kinkaid with a rebound.
1:15 of 1st period - Snap shot by Tomas Kubalik.
1:15 of 1st period - Shot Misses the Net.
1:17 of 1st period - Wrist shot by Pavel Valentenko.
1:17 of 1st period - Stopped by Keith Kinkaid without a rebound.
1:18 of 1st period - Tyler Bozak wins face-off versus Mikael Backlund in National zone.
1:23 of 1st period - Wrist shot by Petr Sykora.
1:23 of 1st period - Shot Misses the Net.
1:30 of 1st period - Snap shot by Guillaume Desbiens.
1:30 of 1st period - Deflect By Mikael Backlund.
1:30 of 1st period - Stopped by Allen York without a rebound.
1:31 of 1st period - Jonathan Matsumoto wins face-off versus Peter Mueller in River Rats zone.
1:56 of 1st period - Erik Gustafsson is hit by Petr Sykora and loses puck.
2:40 of 1st period - Snap shot by Pierre-Cédric Labrie.
2:40 of 1st period - Stopped by Keith Kinkaid with a rebound.
2:42 of 1st period - Snap shot by Matt Jones.
2:42 of 1st period - Shot Misses the Net.
2:44 of 1st period - Slapshot by Kellan Lain.
2:44 of 1st period - Shot Misses the Net.
2:46 of 1st period - Snap shot by Bryan Rodney.
2:46 of 1st period - Shot Misses the Net.
2:48 of 1st period - Snap shot by Matt Jones.
2:48 of 1st period - Stopped by Keith Kinkaid with a rebound.
3:06 of 1st period - Wrist shot by Jonathan Cheechoo.
3:06 of 1st period - Shot Misses the Net.
3:12 of 1st period - Jonathan Matsumoto is hit by Michael Del Zotto and loses puck.
3:25 of 1st period - Slapshot by Guillaume Desbiens.
3:25 of 1st period - Shot Misses the Net.
3:29 of 1st period - Snap shot by Guillaume Desbiens.
3:29 of 1st period - Shot Misses the Net.
3:31 of 1st period - Snap shot by Ty Wishart.
3:31 of 1st period - Shot Blocked by Pavel Valentenko.
3:33 of 1st period - Slapshot by Philip Larsen.
3:33 of 1st period - Stopped by Allen York without a rebound.
3:34 of 1st period - David Desharnais wins face-off versus Kellan Lain in River Rats zone.
3:49 of 1st period - Slapshot by Dustin Kohn.
3:49 of 1st period - Stopped by Allen York with a rebound.
4:01 of 1st period - Tyler Bozak is hit by Dustin Kohn and loses puck.
4:10 of 1st period - Wrist shot by Guillaume Desbiens.
4:10 of 1st period - Stopped by Allen York with a rebound.
4:12 of 1st period - Slapshot by Janne Niskala.
4:12 of 1st period - Stopped by Allen York without a rebound.
4:13 of 1st period - Jonathan Matsumoto wins face-off versus Peter Mueller in River Rats zone.
4:16 of 1st period - Wrist shot by Pasi Salonen.
4:16 of 1st period - Shot Blocked by Matt Jones.
4:38 of 1st period - Jonathan Matsumoto is hit by Matt Jones and loses puck.
4:43 of 1st period - Slapshot by Michael Del Zotto.
4:43 of 1st period - Stopped by Keith Kinkaid with a rebound.
5:03 of 1st period - Backhand shot by Jonathan Matsumoto.
5:03 of 1st period - Stopped by Allen York with a rebound.
5:11 of 1st period - Slapshot by Jonathan Cheechoo.
5:11 of 1st period - Shot Misses the Net.
5:13 of 1st period - Snap shot by Jonathan Cheechoo.
5:13 of 1st period - Stopped by Allen York without a rebound.
5:14 of 1st period - Mikael Backlund wins face-off versus Tyler Bozak in River Rats zone.
5:29 of 1st period - Rico Fata is hit by Justin Schultz and loses puck.
6:12 of 1st period - Slapshot by Steve Quailer.
6:12 of 1st period - Shot Misses the Net.
6:14 of 1st period - Wrist shot by Steve Quailer.
6:14 of 1st period - Goal by Steve Quailer - River Rats : 1 - National : 0.
6:15 of 1st period - Tyler Bozak wins face-off versus Mikael Backlund in neutral zone.
6:30 of 1st period - Snap shot by Rico Fata.
6:30 of 1st period - Stopped by Allen York without a rebound.
6:31 of 1st period - Jonathan Matsumoto wins face-off versus Peter Mueller in River Rats zone.
6:56 of 1st period - Snap shot by David Desharnais.
6:56 of 1st period - Stopped by Allen York with a rebound.
7:04 of 1st period - Slapshot by Damien Brunner.
7:04 of 1st period - Stopped by Keith Kinkaid without a rebound.
7:05 of 1st period - Mikael Backlund wins face-off versus Tyler Bozak in National zone.
7:17 of 1st period - Wrist shot by Petr Sykora.
7:17 of 1st period - Shot Blocked by Rico Fata.
7:19 of 1st period - Slapshot by Petr Sykora.
7:19 of 1st period - Stopped by Keith Kinkaid with a rebound.
7:21 of 1st period - Slapshot by Petr Sykora.
7:21 of 1st period - Deflect By Rico Fata.
7:21 of 1st period - Shot Blocked by Denis Bodrov.
7:21 of 1st period - Puck is out of play.
7:22 of 1st period - Jonathan Matsumoto wins face-off versus Kellan Lain in National zone.
7:22 of 1st period - Jonathan Matsumoto is hit by Steve Quailer.
7:54 of 1st period - Snap shot by Guillaume Desbiens.
7:54 of 1st period - Shot Misses the Net.
7:56 of 1st period - Slapshot by Erik Gustafsson.
7:56 of 1st period - Deflect By Guillaume Desbiens.
7:56 of 1st period - Shot Misses the Net.
7:56 of 1st period - Puck is out of play.
7:57 of 1st period - Mikael Backlund wins face-off versus Peter Mueller in River Rats zone.
7:58 of 1st period - Slapshot by Guillaume Desbiens.
7:58 of 1st period - Stopped by Allen York without a rebound.
7:59 of 1st period - Mikael Backlund wins face-off versus Peter Mueller in River Rats zone.
8:12 of 1st period - Slapshot by Chris Mcallister.
8:12 of 1st period - Shot Blocked by Denis Bodrov.
8:14 of 1st period - Snap shot by Peter Mueller.
8:14 of 1st period - Shot Misses the Net.
8:47 of 1st period - Andrej Meszaros is hit by Jonathan Matsumoto and loses puck.
9:31 of 1st period - Pavel Valentenko is hit by Denis Bodrov and loses puck.
9:56 of 1st period - Dustin Kohn is hit by Petr Sykora.
10:14 of 1st period - Snap shot by Jonathan Cheechoo.
10:14 of 1st period - Stopped by Allen York with a rebound.
10:16 of 1st period - Wrist shot by Pasi Salonen.
10:16 of 1st period - Stopped by Allen York with a rebound.
10:18 of 1st period - Slapshot by Jonathan Matsumoto.
10:18 of 1st period - Shot Misses the Net.
10:32 of 1st period - Wrist shot by Chris Mcallister.
10:32 of 1st period - Stopped by Keith Kinkaid with a rebound.
10:36 of 1st period - Snap shot by Chris Mcallister.
10:36 of 1st period - Stopped by Keith Kinkaid with a rebound.
11:10 of 1st period - Icing by Bryan Rodney.
11:11 of 1st period - Tyler Bozak wins face-off versus David Desharnais in River Rats zone.
11:30 of 1st period - Pat Dwyer is hit by Brett Maclean and loses puck.
12:11 of 1st period - Wrist shot by Petr Sykora.
12:11 of 1st period - Stopped by Keith Kinkaid with a rebound.
12:13 of 1st period - Slapshot by Tyler Bozak.
12:13 of 1st period - Stopped by Keith Kinkaid with a rebound.
12:26 of 1st period - Minor Penalty to Pat Dwyer for Hooking.
12:27 of 1st period - Mikael Backlund wins face-off versus Peter Mueller in National zone.
12:27 of 1st period - Mikael Backlund is hit by Chris Mcallister.
12:40 of 1st period - Snap shot by Peter Mueller.
12:40 of 1st period - Shot Misses the Net.
12:42 of 1st period - Slapshot by Chris Mcallister.
12:42 of 1st period - Shot Misses the Net.
12:58 of 1st period - Mikael Backlund is hit by Chris Mcallister and loses puck.
13:35 of 1st period - Snap shot by Jonathan Matsumoto.
13:35 of 1st period - Stopped by Allen York with a rebound.
13:38 of 1st period - Icing by Michael Del Zotto.
13:39 of 1st period - Mikael Backlund wins face-off versus Tyler Bozak in River Rats zone.
14:26 of 1st period - Penalty to Pat Dwyer is over, Pat Dwyer is back on ice.
14:45 of 1st period - Snap shot by Tomas Kubalik.
14:45 of 1st period - Deflect By Jamie Arniel.
14:45 of 1st period - Stopped by Keith Kinkaid without a rebound.
14:46 of 1st period - David Desharnais wins face-off versus Jamie Arniel in National zone.
15:14 of 1st period - Wrist shot by Rico Fata.
15:14 of 1st period - Shot Blocked by Pavel Valentenko.
15:16 of 1st period - Snap shot by Guillaume Desbiens.
15:16 of 1st period - Stopped by Allen York with a rebound.
15:18 of 1st period - Snap shot by Guillaume Desbiens.
15:18 of 1st period - Shot Blocked by Kellan Lain.
15:50 of 1st period - Snap shot by Magnus Paajarvi-Svensson.
15:50 of 1st period - Shot Misses the Net.
15:52 of 1st period - Wrist shot by Denis Bodrov.
15:52 of 1st period - Deflect By Brett Maclean.
15:52 of 1st period - Stopped by Allen York with a rebound.
15:56 of 1st period - Slapshot by Magnus Paajarvi-Svensson.
15:56 of 1st period - Shot Blocked by Justin Schultz.
15:58 of 1st period - Snap shot by Magnus Paajarvi-Svensson.
15:58 of 1st period - Stopped by Allen York with a rebound.
16:30 of 1st period - Pierre-Cédric Labrie is hit by David Desharnais and loses puck.
17:06 of 1st period - Dustin Kohn is hit by Damien Brunner and loses puck.
17:17 of 1st period - Tyler Bozak is hit by Magnus Paajarvi-Svensson and loses puck.
17:42 of 1st period - Backhand shot by Mikael Backlund.
17:42 of 1st period - Shot Misses the Net.
17:44 of 1st period - Snap shot by Mikael Backlund.
17:44 of 1st period - Shot Misses the Net.
18:57 of 1st period - Brett Maclean is hit by Chris Mueller and loses puck.
19:10 of 1st period - Justin Schultz is hit by Mikael Backlund.
19:14 of 1st period - Slapshot by Mikael Backlund.
19:14 of 1st period - Shot Misses the Net.
19:41 of 1st period - Damien Brunner is hit by Denis Bodrov and loses puck.
Goals for this period are 1 for River Rats vs 0 for National.
Shots for this period are 13 for River Rats vs 16 for National.

2nd period


0:01 of 2nd period - Tyler Bozak wins face-off versus Mikael Backlund in neutral zone.
0:01 of 2nd period - Tyler Bozak is hit by Janne Niskala.
0:09 of 2nd period - Slapshot by Tyler Bozak.
0:09 of 2nd period - Shot Misses the Net.
0:11 of 2nd period - Snap shot by Brett Maclean.
0:11 of 2nd period - Shot Blocked by Guillaume Desbiens.
0:13 of 2nd period - Wrist shot by Petr Sykora.
0:13 of 2nd period - Stopped by Keith Kinkaid with a rebound.
0:57 of 2nd period - Snap shot by Pat Dwyer.
0:57 of 2nd period - Shot Blocked by Steve Quailer.
0:59 of 2nd period - Slapshot by Janne Niskala.
0:59 of 2nd period - Deflect By Pierre-Cédric Labrie.
0:59 of 2nd period - Stopped by Allen York with a rebound.
1:01 of 2nd period - Slapshot by Janne Niskala.
1:01 of 2nd period - Stopped by Allen York without a rebound.
1:02 of 2nd period - Mikael Backlund wins face-off versus Tyler Bozak in River Rats zone.
1:09 of 2nd period - Snap shot by Guillaume Desbiens.
1:09 of 2nd period - Goal by Guillaume Desbiens - River Rats : 1 - National : 1.
1:10 of 2nd period - Mikael Backlund wins face-off versus Tyler Bozak in neutral zone.
1:25 of 2nd period - Wrist shot by Guillaume Desbiens.
1:25 of 2nd period - Stopped by Allen York without a rebound.
1:26 of 2nd period - Jonathan Matsumoto wins face-off versus Peter Mueller in River Rats zone.
2:22 of 2nd period - Slapshot by Pat Dwyer.
2:22 of 2nd period - Stopped by Allen York with a rebound.
3:06 of 2nd period - Wrist shot by Jonathan Matsumoto.
3:06 of 2nd period - Goal by Jonathan Matsumoto - River Rats : 1 - National : 2.
3:07 of 2nd period - Tyler Bozak wins face-off versus Mikael Backlund in neutral zone.
3:12 of 2nd period - Snap shot by Brett Maclean.
3:12 of 2nd period - Shot Blocked by Denis Bodrov.
3:14 of 2nd period - Wrist shot by Andrej Meszaros.
3:14 of 2nd period - Shot Misses the Net.
3:32 of 2nd period - Andrej Meszaros is hit by Dustin Kohn.
3:48 of 2nd period - Minor Penalty to Matt Jones for Roughing.
3:49 of 2nd period - Chris Mcallister wins face-off versus Mikael Backlund in River Rats zone.
3:57 of 2nd period - Off-side.
3:58 of 2nd period - Chris Mcallister wins face-off versus Mikael Backlund in neutral zone.
4:09 of 2nd period - Slapshot by Andrej Meszaros.
4:09 of 2nd period - Shot Blocked by Guillaume Desbiens.
5:48 of 2nd period - Penalty to Matt Jones is over, Matt Jones is back on ice.
5:58 of 2nd period - Wrist shot by Steve Quailer.
5:58 of 2nd period - Stopped by Keith Kinkaid without a rebound.
5:59 of 2nd period - Kellan Lain wins face-off versus David Desharnais in National zone.
6:24 of 2nd period - Slapshot by Tyler Bozak.
6:24 of 2nd period - Shot Misses the Net.
6:34 of 2nd period - Icing by Ty Wishart.
6:35 of 2nd period - Igor Makarov wins face-off versus Kellan Lain in National zone.
6:44 of 2nd period - Magnus Paajarvi-Svensson is hit by Steve Quailer and loses puck.
6:49 of 2nd period - Snap shot by Steve Quailer.
6:49 of 2nd period - Goal by Steve Quailer - River Rats : 2 - National : 2.
6:50 of 2nd period - Tyler Bozak wins face-off versus Mikael Backlund in neutral zone.
6:57 of 2nd period - Erik Gustafsson is hit by Brett Maclean and loses puck.
7:35 of 2nd period - Slapshot by Andrej Meszaros.
7:35 of 2nd period - Stopped by Keith Kinkaid without a rebound.
7:36 of 2nd period - Steve Quailer wins face-off versus David Desharnais in National zone.
8:01 of 2nd period - Matt Jones is hit by Rico Fata and loses puck.
8:45 of 2nd period - Michael Del Zotto is hit by Pasi Salonen and loses puck.
11:09 of 2nd period - Icing by Pasi Salonen.
11:10 of 2nd period - Jonathan Matsumoto wins face-off versus Peter Mueller in National zone.
11:27 of 2nd period - Jonathan Cheechoo is hit by Peter Mueller and loses puck.
11:55 of 2nd period - Minor Penalty to Pasi Salonen for Hooking.
11:56 of 2nd period - Mikael Backlund wins face-off versus Tyler Bozak in National zone.
12:04 of 2nd period - Slapshot by Justin Schultz.
12:04 of 2nd period - Shot Blocked by Janne Niskala.
12:38 of 2nd period - Denis Bodrov is hit by Peter Mueller and loses puck.
13:21 of 2nd period - Johannes Salmonsson is hit by Damien Brunner and loses puck.
13:55 of 2nd period - Penalty to Pasi Salonen is over, Pasi Salonen is back on ice.
13:58 of 2nd period - Tomas Kubalik is hit by Jonathan Matsumoto and loses puck.
14:30 of 2nd period - Snap shot by Jamie Arniel.
14:30 of 2nd period - Shot Misses the Net.
14:42 of 2nd period - Matt Jones is hit by Johannes Salmonsson and loses puck.
16:06 of 2nd period - Tyler Bozak is hit by Mikael Backlund and loses puck.
16:50 of 2nd period - Slapshot by Jonathan Matsumoto.
16:50 of 2nd period - Shot Blocked by Chris Mcallister.
17:17 of 2nd period - Snap shot by Justin Schultz.
17:17 of 2nd period - Shot Blocked by David Desharnais.
17:44 of 2nd period - Minor Penalty to Magnus Paajarvi-Svensson for Slashing.
17:45 of 2nd period - Tyler Bozak wins face-off versus Mikael Backlund in National zone.
17:48 of 2nd period - Snap shot by Brett Maclean.
17:48 of 2nd period - Stopped by Keith Kinkaid with a rebound.
17:50 of 2nd period - Wrist shot by Brett Maclean.
17:50 of 2nd period - Deflect By Mikael Backlund.
17:50 of 2nd period - Goal by Brett Maclean - River Rats : 3 - National : 2.
17:51 of 2nd period - Mikael Backlund wins face-off versus Petr Sykora in neutral zone.
18:53 of 2nd period - Johannes Salmonsson is hit by Damien Brunner.
19:09 of 2nd period - Wrist shot by Tyler Bozak.
19:09 of 2nd period - Shot Misses the Net.
19:11 of 2nd period - Slapshot by Petr Sykora.
19:11 of 2nd period - Stopped by Keith Kinkaid with a rebound.
19:13 of 2nd period - Slapshot by Andrej Meszaros.
19:13 of 2nd period - Stopped by Keith Kinkaid without a rebound.
19:14 of 2nd period - Tyler Bozak wins face-off versus Mikael Backlund in National zone.
19:19 of 2nd period - Slapshot by Tyler Bozak.
19:19 of 2nd period - Stopped by Keith Kinkaid without a rebound.
19:20 of 2nd period - Mikael Backlund wins face-off versus Tyler Bozak in National zone.
Goals for this period are 2 for River Rats vs 2 for National.
Shots for this period are 9 for River Rats vs 6 for National.

3rd period


0:01 of 3rd period - Tyler Bozak wins face-off versus Mikael Backlund in neutral zone.
0:04 of 3rd period - Erik Gustafsson is hit by Justin Schultz and loses puck.
0:09 of 3rd period - Wrist shot by Petr Sykora.
0:09 of 3rd period - Stopped by Keith Kinkaid without a rebound.
0:10 of 3rd period - Petr Sykora wins face-off versus Mikael Backlund in National zone.
0:13 of 3rd period - Slapshot by Tyler Bozak.
0:13 of 3rd period - Shot Misses the Net.
0:15 of 3rd period - Backhand shot by Brett Maclean.
0:15 of 3rd period - Shot Blocked by Erik Gustafsson.
0:17 of 3rd period - Slapshot by Justin Schultz.
0:17 of 3rd period - Stopped by Keith Kinkaid without a rebound.
0:18 of 3rd period - Petr Sykora wins face-off versus Mikael Backlund in National zone.
0:29 of 3rd period - Snap shot by Mikael Backlund.
0:29 of 3rd period - Stopped by Allen York with a rebound.
0:31 of 3rd period - Snap shot by Erik Gustafsson.
0:31 of 3rd period - Stopped by Allen York with a rebound.
1:00 of 3rd period - Minor Penalty to Dustin Kohn for Roughing.
1:01 of 3rd period - Mikael Backlund wins face-off versus Tyler Bozak in National zone.
1:20 of 3rd period - Michael Del Zotto is hit by Mikael Backlund and loses puck.
1:39 of 3rd period - Michael Del Zotto is hit by Guillaume Desbiens and loses puck.
1:44 of 3rd period - Snap shot by Guillaume Desbiens.
1:44 of 3rd period - Goal by Guillaume Desbiens - River Rats : 3 - National : 3.
1:45 of 3rd period - Tyler Bozak wins face-off versus Mikael Backlund in neutral zone.
1:48 of 3rd period - Snap shot by Tyler Bozak.
1:48 of 3rd period - Shot Blocked by Erik Gustafsson.
1:50 of 3rd period - Slapshot by Matt Jones.
1:50 of 3rd period - Deflect By Mikael Backlund.
1:50 of 3rd period - Stopped by Keith Kinkaid without a rebound.
1:51 of 3rd period - Mikael Backlund wins face-off versus Tyler Bozak in National zone.
3:00 of 3rd period - Penalty to Dustin Kohn is over, Dustin Kohn is back on ice.
3:12 of 3rd period - Snap shot by Michael Del Zotto.
3:12 of 3rd period - Stopped by Keith Kinkaid without a rebound.
3:13 of 3rd period - Jamie Arniel wins face-off versus David Desharnais in National zone.
3:17 of 3rd period - Minor Penalty to Philip Larsen for Hooking.
3:18 of 3rd period - Tyler Bozak wins face-off versus Mikael Backlund in National zone.
3:20 of 3rd period - Wrist shot by Tyler Bozak.
3:20 of 3rd period - Shot Blocked by Denis Bodrov.
3:44 of 3rd period - Jonathan Cheechoo is hit by Peter Mueller and loses puck.
4:27 of 3rd period - Damien Brunner is hit by Jonathan Cheechoo.
5:15 of 3rd period - Justin Schultz is hit by Dustin Kohn and loses puck.
5:17 of 3rd period - Penalty to Philip Larsen is over, Philip Larsen is back on ice.
5:53 of 3rd period - Slapshot by Matt Jones.
5:53 of 3rd period - Deflect By Steve Quailer.
5:53 of 3rd period - Stopped by Keith Kinkaid with a rebound.
6:03 of 3rd period - Minor Penalty to Pierre-Cédric Labrie for Holding.
6:04 of 3rd period - Mikael Backlund wins face-off versus Chris Mcallister in River Rats zone.
6:29 of 3rd period - Petr Sykora is hit by Jonathan Matsumoto and loses puck.
6:53 of 3rd period - Icing by Guillaume Desbiens.
6:54 of 3rd period - Mikael Backlund wins face-off versus Jamie Arniel in National zone.
7:15 of 3rd period - Wrist shot by Brett Maclean.
7:15 of 3rd period - Goal by Brett Maclean - River Rats : 4 - National : 3.
7:16 of 3rd period - Chris Mcallister wins face-off versus Mikael Backlund in neutral zone.
7:19 of 3rd period - Slapshot by Andrej Meszaros.
7:19 of 3rd period - Shot Blocked by Janne Niskala.
8:03 of 3rd period - Penalty to Pierre-Cédric Labrie is over, Pierre-Cédric Labrie is back on ice.
8:35 of 3rd period - Wrist shot by Magnus Paajarvi-Svensson.
8:35 of 3rd period - Stopped by Allen York without a rebound.
8:36 of 3rd period - Kellan Lain wins face-off versus Chris Mueller in River Rats zone.
8:45 of 3rd period - Wrist shot by Steve Quailer.
8:45 of 3rd period - Stopped by Keith Kinkaid with a rebound.
8:47 of 3rd period - Snap shot by Pierre-Cédric Labrie.
8:47 of 3rd period - Stopped by Keith Kinkaid without a rebound.
8:48 of 3rd period - Mikael Backlund wins face-off versus Tyler Bozak in National zone.
10:11 of 3rd period - Slapshot by Janne Niskala.
10:11 of 3rd period - Shot Misses the Net.
10:13 of 3rd period - Snap shot by Dustin Kohn.
10:13 of 3rd period - Shot Blocked by Andrej Meszaros.
10:33 of 3rd period - Steve Quailer is hit by Mikael Backlund and loses puck.
11:20 of 3rd period - Snap shot by Andrej Meszaros.
11:20 of 3rd period - Shot Misses the Net.
11:22 of 3rd period - Wrist shot by Pierre-Cédric Labrie.
11:22 of 3rd period - Shot Misses the Net.
11:24 of 3rd period - Slapshot by Pierre-Cédric Labrie.
11:24 of 3rd period - Shot Misses the Net.
11:26 of 3rd period - Wrist shot by Kellan Lain.
11:26 of 3rd period - Deflect By Steve Quailer.
11:26 of 3rd period - Stopped by Keith Kinkaid without a rebound.
11:27 of 3rd period - Tyler Bozak wins face-off versus Jonathan Matsumoto in National zone.
11:35 of 3rd period - Janne Niskala is hit by Bryan Rodney and loses puck.
12:13 of 3rd period - Snap shot by Damien Brunner.
12:13 of 3rd period - Stopped by Keith Kinkaid without a rebound.
12:14 of 3rd period - Chris Mueller wins face-off versus Jamie Arniel in National zone.
12:14 of 3rd period - Chris Mueller is hit by Matt Jones.
12:22 of 3rd period - J.T. Brown is hit by Dustin Kohn and loses puck.
12:39 of 3rd period - Chris Mueller is hit by Damien Brunner and loses puck.
12:44 of 3rd period - Wrist shot by Damien Brunner.
12:44 of 3rd period - Shot Misses the Net.
13:08 of 3rd period - Slapshot by Igor Makarov.
13:08 of 3rd period - Stopped by Allen York without a rebound.
13:09 of 3rd period - Jonathan Matsumoto wins face-off versus Tyler Bozak in River Rats zone.
13:10 of 3rd period - Backhand shot by Jonathan Cheechoo.
13:10 of 3rd period - Shot Misses the Net.
13:18 of 3rd period - Snap shot by Jonathan Matsumoto.
13:18 of 3rd period - Stopped by Allen York with a rebound.
13:34 of 3rd period - Johannes Salmonsson is hit by Matt Jones and loses puck.
14:29 of 3rd period - Brett Maclean is hit by Jonathan Matsumoto and loses puck.
14:34 of 3rd period - Snap shot by Jonathan Cheechoo.
14:34 of 3rd period - Shot Blocked by Michael Del Zotto.
15:45 of 3rd period - Matt Jones is hit by Pat Dwyer and loses puck.
15:57 of 3rd period - Minor Penalty to Matt Jones for Close Hand On Puck.
15:58 of 3rd period - Chris Mcallister wins face-off versus Mikael Backlund in River Rats zone.
17:57 of 3rd period - Penalty to Matt Jones is over, Matt Jones is back on ice.
18:07 of 3rd period - Brett Maclean is hit by Johannes Salmonsson and loses puck.
18:33 of 3rd period - Ty Wishart is hit by Pierre-Cédric Labrie and loses puck.
18:34 of 3rd period - Ty Wishart from National is injured at 18:34 of 3rd period (Bruised Right Shoulder).
18:35 of 3rd period - David Desharnais wins face-off versus Kellan Lain in National zone.
18:44 of 3rd period - Backhand shot by Pierre-Cédric Labrie.
18:44 of 3rd period - Shot Misses the Net.
18:46 of 3rd period - Wrist shot by Andrej Meszaros.
18:46 of 3rd period - Shot Blocked by Janne Niskala.
19:00 of 3rd period - Tyler Bozak is hit by Erik Gustafsson and loses puck.
19:03 of 3rd period - National, Keith Kinkaid is pulled from the net.
19:05 of 3rd period - Wrist shot by Guillaume Desbiens.
19:05 of 3rd period - Stopped by Allen York with a rebound.
19:07 of 3rd period - Snap shot by Janne Niskala.
19:07 of 3rd period - Shot Blocked by Tyler Bozak.
19:23 of 3rd period - Snap shot by Petr Sykora.
19:23 of 3rd period - Shot Misses the Net.
19:31 of 3rd period - Backhand shot by Mikael Backlund.
19:31 of 3rd period - Stopped by Allen York with a rebound.
19:35 of 3rd period - Snap shot by Guillaume Desbiens.
19:35 of 3rd period - Shot Blocked by Justin Schultz.
19:37 of 3rd period - Slapshot by Mikael Backlund.
19:37 of 3rd period - Shot Misses the Net.
19:39 of 3rd period - Snap shot by Erik Gustafsson.
19:39 of 3rd period - Goal by Erik Gustafsson - River Rats : 4 - National : 4.
19:39 of 3rd period - Keith Kinkaid from National was sent back in the game.
19:40 of 3rd period - David Desharnais wins face-off versus Kellan Lain in neutral zone.
19:43 of 3rd period - Slapshot by Denis Bodrov.
19:43 of 3rd period - Deflect By Bryan Rodney.
19:43 of 3rd period - Stopped by Allen York with a rebound.
19:45 of 3rd period - Snap shot by Johannes Salmonsson.
19:45 of 3rd period - Goal by Johannes Salmonsson - River Rats : 4 - National : 5.
19:46 of 3rd period - Mikael Backlund wins face-off versus Tyler Bozak in neutral zone.
19:57 of 3rd period - Off-side.
19:58 of 3rd period - Benoit Groulx call a timeout for River Rats.
19:58 of 3rd period - Petr Sykora wins face-off versus Mikael Backlund in neutral zone.
Goals for this period are 1 for River Rats vs 3 for National.
Shots for this period are 10 for River Rats vs 11 for National.


Output by the SimonT Hockey Simulator (STHS) for François Prévost -- Original Page W3C XHTML 1.0 Valid
Hockey Simulator - Hockey Simulation - Hockey Manager